 Dungeon Crawl Stone Soup version 0.29.1-2-gbd0b4ee654 (webtiles) character file.

Game seed: 5579977971057346088

2240 xian the Sneak (level 9, -2/60 HPs)
             Began as a Demonspawn Monk on Nov 3, 2022.
             Was an Elder of Hepliaklqana.
             Killed from afar by a steam dragon (17 damage)
             ... with a ball of steam
             ... on level 7 of the Dungeon.
             The game lasted 00:17:14 (5034 turns).

xian the Sneak (Demonspawn Monk)                    Turns: 5034, Time: 00:17:14

Health: -2/60      AC: 13    Str: 15    XL:     9   Next: 14%
Magic:  9/9        EV:  6    Int: 13    God:    Hepliaklqana [****..]
Gold:   284        SH:  0    Dex: 19    Spells: 8/8 levels left

rFire   . . .      SeeInvis +   w - +2 hand axe (freeze)
rCold   . . .      Faith    .   (no shield)
rNeg    . . .      Spirit   .   D - +0 plate armour
rPois   +          Reflect  .   x - +0 helmet
rElec   .          Harm     .   (no cloak)
rCorr   .          Rampage  .   (no gloves)
Will    .....                   (no boots)
Stlth   +.........              (no amulet)
HPRegen 0.20/turn               u - ring of poison resistance
MPRegen 0.11/turn               a - ring of see invisible

@: no status effects
A: reduced essence, thin skeletal structure 2, spiny 1, demonic magic 1,
weakness stinger 2
a: Renounce Religion, Recall Ancestor, Ancestor Identity, Transference, Idealise


You were on level 7 of the Dungeon.
You worshipped Hepliaklqana.
Hepliaklqana was greatly pleased with you.
You visited 1 branch of the dungeon, and saw 7 of its levels.

You collected 373 gold pieces.
You spent 89 gold pieces at shops.

Inventory:

Hand Weapons
 w - a +2 hand axe of freezing (weapon)
Missiles
 e - 5 javelins
 l - a throwing net
 A - 8 poisoned darts (quivered)
 B - 2 boomerangs
 F - a curare-tipped dart
Armour
 x - a +0 helmet (worn)
 C - an orb of light
 D - a +0 plate armour (worn)
Magical Staves
 v - a staff of earth
Jewellery
 a - a ring of see invisible (right hand)
 u - a ring of poison resistance (left hand)
Wands
 o - a wand of flame (29)
 z - a wand of mindburst (21)
Scrolls
 b - 3 scrolls of vulnerability {unknown}
 g - 2 scrolls of enchant armour
 j - 3 scrolls of teleportation
 k - a scroll of poison
 m - a scroll of enchant weapon
 n - a scroll of magic mapping
 q - 2 scrolls of brand weapon {unknown}
 r - a scroll of butterflies
 y - a scroll of noise {unknown}
Potions
 c - a potion of ambrosia
 d - 2 potions of haste {unknown}
 f - a potion of curing
 h - 4 potions of heal wounds {unknown}
 i - 3 potions of lignification {unknown}
 p - 3 potions of might {unknown}
 s - 2 potions of brilliance
 t - a potion of magic {unknown}
 E - a potion of flight {unknown}


   Skills:
 + Level 4.8 Fighting
 + Level 6.1 Axes
 + Level 3.8 Throwing
 + Level 4.2 Armour
 + Level 4.2 Dodging
 + Level 6.5 Stealth


You had 8 spell levels left.
You didn't know any spells.
Your spell library contained the following spells:

 Spells                   Type           Power      Damage    Failure   Level
 Ensorcelled Hibernation  Hex/Ice        0%         N/A       100%        2
 Passwall                 Tmut/Erth      0%         N/A       100%        2
 Poisonous Vapours        Pois/Air       0%         N/A       100%        2
 Conjure Flame            Conj/Fire      0%         6-21      100%        3
 Dazzling Flash           Conj/Hex       0%         N/A       100%        3
 Gell's Gravitas          Tloc           0%         N/A       100%        3
 Ignite Poison            Fire/Tmut/Pois 0%         N/A       100%        3
 Swiftness                Air            0%         N/A       100%        3
 Teleport Other           Tloc           0%         N/A       100%        3
 Corpse Rot               Necr/Pois/Air  0%         N/A       100%        4
 Sticky Flame             Conj/Fire      0%         2d3       100%        4
 Agony                    Necr           0%         N/A       100%        5
 Silence                  Hex/Air        0%         N/A       100%        5
 Dispersal                Tloc           0%         N/A       100%        6


Dungeon Overview and Level Annotations

Branches:
Dungeon (7/15)             Temple (0/1) D:4

Altars:
Ashenzari
Fedhas
Hepliaklqana
Makhleb
Uskayaw
Wu Jian

Shops:
D:3 *

Annotations:
D:2 Natasha


Innate Abilities, Weirdness & Mutations

Your life essence is reduced to manifest your ancestor. (-10% HP)
You have a moderately thin skeletal structure. (Dex +4, Stealth++)
You are partially covered in sharp spines.
Spells you cast may paralyse adjacent enemies.
You have a tail ending in a sharp stinger.


Message History

The steam dragon barely misses you.
The orc warrior hits you but does no damage.
You hit the orc wizard but do no damage.
You punch the orc wizard.
The orc wizard is lightly wounded.
You hit the steam dragon. You freeze the steam dragon.
The steam dragon bites you but does no damage.
The steam dragon claws you.
The orc wizard is struck by your spines.
The orc wizard hits you but does no damage.
The orc warrior hits you but does no damage.
You closely miss the orc wizard. You tail-slap the orc wizard!
The orc wizard is severely wounded.
You hit the steam dragon but do no damage.
The orc warrior hits you from afar with a +0 trident!
The steam dragon bites you but does no damage.
The steam dragon claws you but does no damage.
The orc wizard hits you but does no damage.
You barely miss the orc wizard.
Your tail-slap misses the orc wizard.
The orc wizard is severely wounded.
You hit the steam dragon. You freeze the steam dragon.
The steam dragon bites you but does no damage.
The steam dragon claws you but does no damage.
The orc wizard gestures at you while chanting.
The puff of flame hits you!
The orc warrior hits you from afar with a +0 trident!
* * * LOW HITPOINT WARNING * * *
You hear a shout!
You barely miss the orc wizard. You tail-slap the orc wizard.
The orc wizard is almost dead.
You hit the steam dragon. You freeze the steam dragon.
You hear a shout!
The steam dragon bites you but does no damage.
The steam dragon claws you but does no damage.
The orc wizard is struck by your spines.
You kill the orc wizard!
The orc warrior barely misses you. The steam dragon breathes steam at you.
The ball of steam hits you!
You die...

...? .. ..#...###...#.
.... ... #.###.#....#.
# ..# ..###...#.....#
#.###
#.###.#....#....##
.....###...#..<..#R..##
......#..).#....#R###.#
#.))).#...###...#..
#..R.#)###.#....#..#
#D§@###...#.....# .#
#o###.#....#....## .#
## #.....#...##
#....#.#### #...####
#.#### ##


You could see the friendly Tiffany the battlemage (confused), a steam dragon
(catching breath, ally target) and an orc (wandering).

Vanquished Creatures
  Pikel (D:4)
  2 bullfrogs
  2 wights (D:7)
  3 killer bees (D:7)
  3 hounds
  An iguana (D:6)
  2 orc wizards (D:7)
  2 adders (D:5)
  An ufetubus (D:5)
  2 worms
  A dart slug (D:4)
  2 orcs
  4 endoplasms
  A giant cockroach (D:1)
  7 goblins
  4 hobgoblins
  2 kobolds
  A quokka (D:3)
  6 ball pythons
  4 bats
  2 frilled lizards (D:2)
  A rat (D:2)
54 creatures vanquished.

Vanquished Creatures (collateral kills)
  Sigmund (D:5)
  Eustachio (D:5)
  A water moccasin (D:6)
  An ice beast (D:5)
  A black bear (D:6)
  2 ogres (D:5)
  A phantom (D:5)
  A kobold brigand (D:7)
  A scorpion (D:5)
  A wight (D:7)
  A hound (D:5)
  2 iguanas
  Ijyb (D:5)
  Robin (D:3)
  3 adders
  A shadow imp (D:5)
  2 dart slugs (D:2)
  A bat (D:3)
  3 endoplasms
  3 giant cockroaches (D:3)
  3 goblins
  3 hobgoblins
  8 kobolds
  2 quokkas
  5 ball pythons
  2 frilled lizards
  A rat (D:1)
53 creatures vanquished.

Vanquished Creatures (others)
  2 battlemagi (D:4)
  A fungus (D:1)
3 creatures vanquished.

Grand Total: 110 creatures vanquished

Notes
Turn   | Place    | Note
-------+----------+-------------------------------------------
     0 | D:1      | xian the Demonspawn Monk began the quest for the Orb.
     0 | D:1      | Reached XP level 1. HP: 18/18 MP: 1/1
   452 | D:1      | Found a faded altar of an unknown god.
   462 | D:1      | Gained mutation: You have a somewhat thin skeletal
                  | structure. (Dex +2, Stealth+) [demonic ancestry]
   462 | D:1      | Reached XP level 2. HP: 23/24 MP: 2/2
   548 | D:1      | Prayed at the altar of an unknown god.
   548 | D:1      | Became a worshipper of Hepliaklqana the Forgotten
   548 | D:1      | Reached * piety under Hepliaklqana
   548 | D:1      | Reached ** piety under Hepliaklqana
   549 | D:1      | Remembered your ancestor Tiffany as a battlemage
  1089 | D:2      | Gained mutation: You are partially covered in sharp spines.
                  | [demonic ancestry]
  1089 | D:2      | Reached XP level 3. HP: 13/26 MP: 3/3
  1354 | D:2      | Reached *** piety under Hepliaklqana
  1435 | D:2      | Noticed Natasha
  1437 | D:2      | You fall into a shaft and drop 1 floor!
  1442 | D:3      | Found a blossoming altar of Fedhas.
  1478 | D:3      | Gained mutation: Spells you cast may paralyse adjacent
                  | enemies. [demonic ancestry]
  1478 | D:3      | Reached XP level 4. HP: 23/31 MP: 4/4
  1770 | D:3      | Found a faded altar of an unknown god.
  1775 | D:3      | Found an ornate altar of the Wu Jian Council.
  2054 | D:3      | Noticed Robin
  2057 | D:3      | Killed Robin
  2229 | D:3      | Found a broken altar of Ashenzari.
  2239 | D:3      | Found Cuytemug's Assorted Antiques.
  2247 | D:3      | Bought a fizzy grey potion for 20 gold pieces
  2247 | D:3      | Bought 2 scrolls labelled FAOLAPLETU for 46 gold pieces
  2247 | D:3      | Bought a scroll labelled XASUTI DISACOJEI for 23 gold
                  | pieces
  2367 | D:4      | Found a staircase to the Ecumenical Temple.
  2371 | D:4      | Noticed Pikel
  2371 | D:4      | Noticed a lemure
  2374 | D:4      | Noticed a lemure
  2374 | D:4      | Noticed a lemure
  2376 | D:4      | Noticed a lemure
  2565 | D:4      | Killed Pikel
  2566 | D:4      | Reached skill level 1 in Throwing
  2566 | D:4      | Reached XP level 5. HP: 11/37 MP: 5/5
  2566 | D:4      | Reached XP level 6. HP: 13/43 MP: 6/6
  2566 | D:4      | Gained mutation: You have a moderately thin skeletal
                  | structure. (Dex +4, Stealth++) [demonic ancestry]
  2566 | D:4      | Reached XP level 7. HP: 14/47 MP: 7/7
  2942 | D:4      | Reached **** piety under Hepliaklqana
  3386 | D:5      | Entered Level 5 of the Dungeon
  3474 | D:5      | Reached skill level 5 in Stealth
  3503 | D:5      | Noticed Ijyb
  3507 | D:5      | Killed Ijyb
  3606 | D:5      | Noticed Eustachio
  3616 | D:5      | Noticed Sigmund
  3623 | D:5      | Killed Eustachio
  3624 | D:5      | Reached skill level 5 in Axes
  3625 | D:5      | Killed Sigmund
  3626 | D:5      | Gained mutation: You have a small tail. [demonic ancestry]
  3626 | D:5      | Reached XP level 8. HP: 54/54 MP: 8/8
  4108 | D:5      | Found a hide-covered altar of Uskayaw.
  4236 | D:5      | Found a burning altar of Makhleb.
  4950 | D:7      | Gained mutation: You have a tail ending in a sharp stinger.
                  | [demonic ancestry]
  4950 | D:7      | Reached XP level 9. HP: 56/57 MP: 9/9
  5034 | D:7      | Killed from afar by a steam dragon

Illustrated notes

Levels and vault maps discovered:
D:1:      lightli_arrival_windingriver, layout_basic,
          dreamdust_ecumenical_altar_grove
D:2:      minmay_spotlight, layout_rooms, uniq_natasha
D:3:      layout_loops_cross, nicolae_overflow_ecumenical_swirl, fedhas_altar_1,
          lemuel_crystal_altar, serial_shops, shop, uniq_robin
D:4:      layout_loops_ring, minmay_temple_entry_grid, minmay_misc_feat_columns,
          uniq_pikel
D:5:      layout_cave_pools, kennysheep_mini, eat_drink_and_be_merry_uskayaw,
          uniq_sigmund, uniq_ijyb, uniq_eustachio
D:6:      layout_basic, chequers_serial_rivers_small_a
D:7:      nicolae_BIG_FREAKIN_CUBE, layout_basic, kennysheep_slug_shrine,
          uniq_crazy_yiuf_cottage

Skill      XL: |  1  2  3  4  5  6  7  8  9 |
---------------+----------------------------+-----
Axes           | 3 4 5 6 |  6.1
Dodging        | 3 4 |  4.2
Stealth        | 2 4 5 6 |  6.5
Throwing       | 1 2 3 |  3.8
Armour         | 2 3 4 |  4.2
Fighting       | 4 |  4.8

Action                   |  1- 3 |  4- 6 |  7- 9 || total
-------------------------+-------+-------+-------++-------
Melee: Hand axe          |    43 |    23 |    52 ||   118
       Punch             |     1 |       |     2 ||     3
       Tailslap          |       |       |     9 ||     9
Throw: Javelin           |     1 |       |     6 ||     7
       Dart              |       |     7 |    13 ||    20
Invok: Ancestor Life: Ba |     1 |       |       ||     1
       Ancestor Identity |     1 |       |       ||     1
       Recall Ancestor   |     1 |     1 |       ||     2
  Use: Scroll            |       |     5 |     3 ||     8
       Potion            |       |       |     1 ||     1
 Stab: Sleeping          |     6 |     1 |     4 ||    11
       Distracted        |       |     1 |       ||     1
Armor: Robe              |     8 |       |       ||     8
       Leather armour    |     2 |     7 |     2 ||    11
       Chain mail        |       |       |    17 ||    17
       Plate armour      |       |       |    33 ||    33
Dodge: Dodged            |    25 |    12 |    25 ||    62
